 Dungeon Sprint DCSS version 0.16-a0-3946-g4f19e5c (webtiles) character file.

2457 BluebellGnoll the Thaumaturge (level 9, -1/45 HPs)
             Began as a Deep Elf Fire Elementalist on Feb 9, 2015.
             Was a Priest of Vehumet.
             Slain by a white ugly thing (22 damage)
             ... in the Dungeon (Sprint IX: "|||||||||||||||||||||||||||||").
             The game lasted 00:05:32 (617 turns).

BluebellGnoll the Thaumaturge (DEFE)                 Turns: 617, Time: 00:05:32

Health: -1/45      AC:  3    Str:  5    XL:     9   Next: 26%
Magic:  15/32      EV: 23    Int: 24    God:    Vehumet [***...]
Gold:   0          SH:  0    Dex: 15    Spells: 6 memorised, 16 levels left

rFire  . . .     SeeInvis .     o - +2 rapier (elec)
rCold  . . .     Clarity  .     a - +0 robe
rNeg   . . .     SustAb   .     (no shield)
rPois  .         Gourm    .     (no helmet)
rElec  .         Spirit   .     q - +0 cloak
rCorr  .         Warding  .     p - +0 pair of gloves
rMut   .         NoTele   +     (no boots)
MR     .....                    (no amulet)
Stlth  +++.......               (no ring)
                                k - +2 ring of evasion

@: not resistant to hostile enchantments, fairly stealthy
A: claws 1, deformed body
a: Renounce Religion


You were in the Dungeon.
You worshipped Vehumet.
Vehumet was most pleased with you.
You were not hungry.

You visited 1 branch

Inventory:

Hand weapons
 o - a +2 rapier of electrocution (weapon)
Armour
 a - a +0 robe (worn)
 p - a +0 pair of gloves (worn)
 q - a +0 cloak (worn)
Magical staves
 n - an uncursed staff of energy
Jewellery
 k - a +2 ring of evasion (left hand)
 r - a +3 ring of dexterity
Magical devices
 m - a wand of draining (2)
Scrolls
 h - 3 scrolls of remove curse
 i - 2 scrolls of blinking
 l - 2 scrolls of amnesia
Potions
 d - 5 potions of curing
 e - 3 potions of heal wounds
 f - a potion of invisibility
 g - 3 potions of magic
Books
 b - a book of Flames

   Spells                             Type                      Level
   a - Flame Tongue                   Conjuration/Fire             1
   b - Throw Flame                    Conjuration/Fire             2
   c - Conjure Flame                  Conjuration/Fire             3
   d - Inner Flame                    Hexes/Fire                   3
   e - Sticky Flame                   Conjuration/Fire             4
   f - Fireball                       Conjuration/Fire             5
Comestibles
 c - a bread ration


   Skills:
 - Level 12.9 Dodging
 + Level 4.6 Stealth
 - Level 13.4 Spellcasting
 - Level 9.2 Conjurations
 - Level 13.4 Fire Magic


You had 16 spell levels left.
You knew the following spells:

 Your Spells              Type           Power        Failure   Level  Hunger
a - Flame Tongue          Conj/Fire      #####        1%          1    None
b - Throw Flame           Conj/Fire      ######       1%          2    None
c - Conjure Flame         Conj/Fire      ######..     1%          3    None
d - Inner Flame           Hex/Fire       #####...     1%          3    None
e - Sticky Flame          Conj/Fire      ######..     1%          4    None
f - Fireball              Conj/Fire      ######....   1%          5    ###....


Dungeon Overview and Level Annotations

Branches:
Dungeon (1/1)

Altars:
Cheibriados
Dithmenos
Elyvilon
Fedhas
Gozag
Kikubaaqudgha
Makhleb
Nemelex Xobeh
Okawaru
Qazlal
Ru
Sif Muna
Trog
Vehumet
Xom
Yredelemnul
Zin
The Shining One
Beogh
Jiyva
Lugonu


Innate Abilities, Weirdness & Mutations

You have sharp fingernails.
Armour fits poorly on your strangely shaped body.


Message History

Aim: a white ugly thing (severely wounded)
The flame tongue hits the white ugly thing.
The white ugly thing is almost dead.
Casting: Flame Tongue
Confirm with . or Enter, or press ? or * to list all spells.
Aiming: Flame Tongue
Press: ? - help, Shift-Dir - straight line, f/p - white ugly thing
Aim: a white ugly thing (almost dead)
The flame tongue hits the white ugly thing.
The white ugly thing is almost dead.
Casting: Flame Tongue
Confirm with . or Enter, or press ? or * to list all spells.
Aiming: Flame Tongue
Press: ? - help, Shift-Dir - straight line, f/p - white ugly thing
Aim: a white ugly thing (almost dead)
The flame tongue hits the white ugly thing.
The white ugly thing is almost dead.
The white ugly thing tentacle-slaps you!
The white ugly thing freezes you!!
You die...

▓_▓
▓_▓
▓'▓
▓.▓
▓.▓
▓.▓
▓)▓
▓.▓
▓@▓
▓u▓
▓.▓
▓.▓
▓'▓
▓(▓
▓.▓
▓.▓
▓(▓


You could see a white ugly thing.

Vanquished Creatures
  A centaur warrior (D)
  2 hill giants (D)
  A cyclops (D)
  A soldier ant (D)
  A sky beast (D)
  An ice beast (D)
  A cyclops zombie (D)
  2 hounds (D)
  A soldier ant zombie (D)
  A worker ant (D)
  A shadow imp (D)
  An orc (D)
  A goblin (D)
  A hobgoblin (D)
  A jackal (D)
  3 kobolds (D)
  A bat (D)
  A giant newt (D)
22 creatures vanquished.

Notes
Turn   | Place    | Note
--------------------------------------------------------------
     0 | D        | BluebellGnoll, the Deep Elf Fire Elementalist, began the quest for the Orb.
     0 | D        | Reached XP level 1. HP: 10/10 MP: 5/5
     5 | D        | Reached skill level 4 in Spellcasting
     9 | D        | Reached skill level 5 in Spellcasting
    77 | D        | Noticed a hound
    77 | D        | Noticed a sky beast
    77 | D        | Noticed a hound
    82 | D        | Killed a hound
    82 | D        | Reached skill level 8 in Spellcasting
    82 | D        | Reached XP level 2. HP: 15/15 MP: 4/15
    82 | D        | Reached XP level 3. HP: 19/19 MP: 4/18
    94 | D        | Killed a sky beast
    94 | D        | Reached skill level 12 in Spellcasting
    94 | D        | Reached XP level 4. HP: 24/24 MP: 1/24
    97 | D        | Killed a hound
    97 | D        | Reached skill level 13 in Spellcasting
    97 | D        | Reached XP level 5. HP: 25/28 MP: 1/27
   117 | D        | Gained mutation: Armour fits poorly on your strangely shaped body. [mutagenic meat]
   118 | D        | Gained mutation: You have sharp fingernails. [mutagenic meat]
   129 | D        | Found a glowing silver altar of Zin.
   129 | D        | Found a glowing golden altar of the Shining One.
   129 | D        | Found an ancient bone altar of Kikubaaqudgha.
   129 | D        | Found a basalt altar of Yredelemnul.
   129 | D        | Found a shimmering altar of Xom.
   129 | D        | Found a radiant altar of Vehumet.
   129 | D        | Found an iron altar of Okawaru.
   130 | D        | Found a burning altar of Makhleb.
   131 | D        | Found a deep blue altar of Sif Muna.
   132 | D        | Found a bloodstained altar of Trog.
   133 | D        | Found a sparkling altar of Nemelex Xobeh.
   134 | D        | Found a white marble altar of Elyvilon.
   135 | D        | Found a roughly hewn altar of Beogh.
   136 | D        | Found a viscous altar of Jiyva.
   137 | D        | Became a worshipper of Vehumet
   138 | D        | Found a corrupted altar of Lugonu.
   139 | D        | Found a blossoming altar of Fedhas.
   140 | D        | Found a snail-covered altar of Cheibriados.
   141 | D        | Found a shadowy altar of Dithmenos.
   142 | D        | Found a stormy altar of Qazlal.
   143 | D        | Found an opulent altar of Gozag.
   144 | D        | Found a sacrificial altar of Ru.
   251 | D        | Noticed an ice beast
   251 | D        | Noticed a hill giant
   251 | D        | Noticed a worker ant
   251 | D        | Noticed a hill giant
   253 | D        | Killed an ice beast
   253 | D        | Killed a worker ant
   253 | D        | Reached XP level 6. HP: 32/32 MP: 29/29
   254 | D        | Acquired Vehumet's first power
   254 | D        | Offered knowledge of Freeze by Vehumet.
   256 | D        | Killed a hill giant
   256 | D        | Reached XP level 7. HP: 36/36 MP: 30/30
   256 | D        | Killed a hill giant
   256 | D        | Reached XP level 8. HP: 41/41 MP: 31/31
   271 | D        | Learned a level 2 spell: Throw Flame
   275 | D        | Learned a level 3 spell: Conjure Flame
   279 | D        | Learned a level 3 spell: Inner Flame
   284 | D        | Learned a level 4 spell: Sticky Flame
   290 | D        | Learned a level 5 spell: Fireball
   290 | D        | Noticed a soldier ant
   290 | D        | Noticed a centaur warrior
   290 | D        | Noticed a cyclops
   290 | D        | Noticed a white ugly thing
   290 | D        | Noticed a gargoyle
   296 | D        | Killed a soldier ant
   299 | D        | Killed a centaur warrior
   300 | D        | Killed a cyclops
   300 | D        | Reached XP level 9. HP: 6/45 MP: 10/32
   585 | D        | Offered knowledge of Sandblast by Vehumet.
   585 | D        | Acquired Vehumet's second power
   617 | D        | Slain by a white ugly thing

Action                   |  1- 3 |  4- 6 |  7- 9 || total
-------------------------+-------+-------+-------++-------
Melee: Dagger            |     2 |     6 |       ||     8
 Cast: Flame Tongue      |    16 |       |    10 ||    26
       Fireball          |       |       |     7 ||     7
       Sticky Flame      |       |       |     2 ||     2
       Conjure Flame     |       |       |     1 ||     1
Evoke: Wand              |       |     4 |     1 ||     5
  Use: Potion            |     3 |       |       ||     3
  Eat: Chunk             |       |     2 |       ||     2
